 Dungeon Crawl Stone Soup version 0.30-a0-908-g5a111fc481 (webtiles) character file.

Game seed: 3481061636532112068

26870 tilp the Fencer (level 14, 0/112 (124) HPs)
             Began as a Meteoran Fighter on Mar 18, 2023.
             Was a Priest of Okawaru.
             Slain by an orc knight
             ... wielding a +0 dire flail
              (6 damage)
             ... on level 2 of the Orcish Mines.
             The game lasted 00:30:46 (6369 turns).

tilp the Fencer (Meteoran Fighter)                  Turns: 6369, Time: 00:30:46

HP:   0/112 (124)   AC: 14    Str: 23    XL:     14   Next: 0%
MP:   17/17         EV: 19    Int: 13    God:    Okawaru [***...]
Gold: 911           SH: 17    Dex: 20    Spells: 13/13 levels left

rFire   + . .      SeeInvis .    a - +3 double sword (vamp)
rCold   . . .      Faith    .    H - +0 kite shield of Heym Wej {*Corrode rPois Str+5 Slay+4}
rNeg    . . .      Spirit   .    p - +1 chain mail
rPois   +          Reflect  +    (no helmet)
rElec   .          Rampage  .    (no cloak)
rCorr   .                        k - +2 pair of gloves
Will    +....                    y - +2 pair of boots of Compression {rPois Int+4} Stlth
                                 g - amulet of reflection
HPRegen 0.38/turn                s - ring of protection from fire
MPRegen 0.15/turn                K - +5 ring of evasion

@: mighty, corroded, glowing, drained
A: sense surroundings 2, otherworldly, glowing, explore regen
a: Renounce Religion, Heroism


You were on level 2 of the Orcish Mines.
You worshipped Okawaru.
Okawaru was most pleased with you.
You visited 3 branches of the dungeon, and saw 16 of its levels.
You also visited: Ossuary and Ice Cave.

You collected 911 gold pieces.

Inventory:

Hand Weapons
 a - a +3 vampiric double sword (weapon)
 D - a +4 dagger of protection
 E - a +5 great sword
Missiles
 u - 2 throwing nets
 v - 17 poisoned darts (quivered)
 z - 9 boomerangs
 S - a curare-tipped dart
Armour
 b - a +4 chain mail of cold resistance
 k - a +2 pair of gloves (worn)
 p - a +1 chain mail (worn)
 y - the +2 pair of boots of Compression (worn) {rPois Int+4}
   (You acquired it on level 5 of the Dungeon)

   Int:       It affects your intelligence (+4).
   rPois:     It protects you from poison.
 C - a +0 kite shield
 H - the +0 kite shield of Heym Wej (worn) {*Corrode rPois Str+5 Slay+4}
   (You found it on level 8 of the Dungeon)

   Str:       It affects your strength (+5).
   Slay:      It affects your accuracy & damage with ranged weapons and melee
   (+4).
   rPois:     It protects you from poison.
   *Corrode:  It may corrode you when you take damage.
 Y - a +0 plate armour
 Z - a +1 chain mail of poison resistance
Jewellery
 g - an amulet of reflection (around neck)
 s - a ring of protection from fire (left hand)
 F - a +6 ring of strength
 K - a +5 ring of evasion (right hand)
 M - the amulet of Mialuroka {Faith rElec rN+++ Str-3 Stlth+}
   (You found it in an ice cave)

   [amulet of faith]

   It allows you to gain divine favour quickly.
   Str:       It affects your strength (-3).
   rElec:     It insulates you from electricity.
   rN:        It renders you almost immune to negative energy.
   Stlth:     It makes you more stealthy.
 P - a ring of fire
 Q - an amulet of guardian spirit
 V - a +6 ring of dexterity
Wands
 h - a wand of charming (6)
 o - a wand of roots (3)
 R - a wand of flame (6)
Scrolls
 c - a scroll of fear
 r - a scroll of brand weapon
 t - a scroll of magic mapping
 w - a scroll of acquirement
 A - a scroll of poison
 I - a scroll of blinking
 L - a scroll of teleportation
 W - a scroll of butterflies {unknown}
 X - a scroll of noise {unknown}
Potions
 d - a potion of might
 e - a potion of ambrosia
 f - 2 potions of magic
 i - a potion of haste
 j - a potion of brilliance
 l - 5 potions of curing
 n - a potion of attraction
 q - 9 potions of mutation
 B - a potion of heal wounds
 G - 2 potions of lignification
 J - a potion of flight
 T - a potion of invisibility {unknown}
 U - a potion of resistance


   Skills:
 + Level 11.6 Fighting
 + Level 15.3 Long Blades
 - Level 6.0 Throwing
 - Level 8.0 Armour
 + Level 11.9 Dodging
 - Level 8.0 Shields
 * Level 3.6 Invocations
 - Level 6.0 Evocations


You had 13 spell levels left.
You didn't know any spells.
Your spell library was empty.

Dungeon Overview and Level Annotations

Branches:
Dungeon (13/15) Zot: 2559  Temple (1/1) D:6 Zot: 520    Lair (0/5) D:9
    Orc (2/2) D:12 Zot: 815     Elf (0/3) Orc:2       Ossuary (visited)
  IceCv (visited)
 Vaults: D:13-14

Altars:
Ashenzari
Cheibriados
Dithmenos
Elyvilon
Fedhas
Gozag
Hepliaklqana
Kikubaaqudgha
Makhleb
Nemelex Xobeh
Okawaru
Qazlal
Ru
Sif Muna
Trog
Uskayaw
Vehumet
Wu Jian
Xom
Yredelemnul
Zin
The Shining One

Shops:
D:3 (   Orc:2 =

Annotations:
D:10 1 transporter


Innate Abilities, Weirdness & Mutations

You passively map the area around you.
You are easily found by Zot.
You glow in the dark.
You regain HP and MP as you explore.


Message History

Unknown command.
You hit the orc warrior.
You feel better.
The orc warrior is heavily wounded.
The orc wizard gestures wildly while chanting.
The orc wizard flickers and vanishes!
You block the orc warrior's attack. x2
You block the orc knight's attack.
The orc sorcerer gestures wildly while chanting.
Unknown command.
You feel much better. You block the orc warrior's attack.
The orc warrior hits you with a +0 flail!!
* * * LOW HITPOINT WARNING * * *
The orc knight barely misses you. The neqoxec hits you.
* * * LOW HITPOINT WARNING * * *
Unknown command.
You feel very mighty all of a sudden. You block the orc warrior's attack. x2
The orc knight hits you with a +0 dire flail!
* * * LOW HITPOINT WARNING * * *
The neqoxec closely misses you.
Unknown command.
You slash the orc knight!
The orc knight is moderately wounded.
The orc warrior completely misses you. The orc knight completely misses you.
The orc sorcerer mumbles some strange words.
Unknown command.
You hit the orc knight.
You feel better.
The orc knight is moderately wounded.
You block the neqoxec's attack. You block the orc warrior's attack.
The orc warrior hits you but does no damage.
The orc knight hits you with a +0 dire flail!
* * * LOW HITPOINT WARNING * * *
The orc sorcerer barely misses you.
The orc priest calls down the wrath of Beogh upon you.
Beogh smites you!
* * * LOW HITPOINT WARNING * * *
You closely miss the orc knight.
The orc knight is lightly wounded.
You block the neqoxec's attack. You block the orc warrior's attack.
The orc knight hits you with a +0 dire flail.
You die...

,#..,...,....................,,,,
,....................._......,,,,
,............,...............,,,,
,............,,8..4..........8,,,
,.....#....,,#####4{.......##***,
,,,#......#,...##o{o4.......#*,,,
#.**#...#.##..##o4o#.....#.,,**,,
..,##...)....##ooo##.....#*,,,**,
..##.........#.3@###8...8#**,,,*,
.............#∩3####.....#***,∩*,
.............####..#)....#..****,
................#...)........,,,*
................)#)#....#....,,,,
....[..).........[###.####.##,*,,
....)..[.........).#### *##***,,
..<.).........#)..## **,
..................## **


You could see an orc knight, a soul eater (summoned), an orange demon
(summoned), a hellwing (summoned), a rust devil (summoned), a neqoxec
(summoned), a chaos spawn (summoned), an orc sorcerer (strong), 3 orc warriors,
an orc priest (strong) and an orc wizard (strong).

Vanquished Creatures
  2 azure jellies (IceCv)
  An orc warlord (Orc:2)
  An ice dragon (D:11)
  3 two-headed ogres
  3 orc knights
  2 deep elf pyromancers
  2 orc sorcerers (Orc:2)
  2 manticores (D:12)
  A cyclops (Orc:1)
  25 slime creatures (IceCv)
  An elephant (D:9)
  2 ice statues (IceCv)
  Joseph (D:7)
  An unseen horror (D:10)
  A kobold demonologist (D:12)
  6 trolls
  A merfolk (D:11)
  A hornet (D:9)
  3 polar bears (D:11)
  2 shadows (D:12)
  A wraith (Ossuary)
  12 yaks
  A wyvern (D:9)
  2 vampire mosquitoes (D:11)
  A basilisk (D:9)
  3 wargs
  An acid dragon (D:10)
  An ice beast (D:6)
  4 ogres
  12 orc warriors
  2 black bears
  5 great orb of eyes simulacra (IceCv)
  3 slime creature simulacra (IceCv)
  3 centaurs
  A phantom (D:6)
  3 kobold brigands
  3 bullfrogs
  3 scorpions
  3 glowing shapeshifter simulacra (IceCv)
  9 wights
  13 killer bees
  An electric eel (D:6)
  2 howler monkeys
  5 hounds
  A jelly (D:5)
  4 iguanas
  11 orc priests
  A gnoll bouda (Orc:1)
  A sleepcap (D:6)
  11 orc wizards
  A shapeshifter simulacrum (IceCv)
  2 mummies
  9 adders
  6 gnolls
  A shadow imp (D:6)
  A white imp (D:5)
  4 ufetubi
  A dart slug (D:2)
  32 orcs
  4 endoplasms
  2 giant cockroaches
  6 goblins
  2 hobgoblins
  3 jackals
  2 quokkas
  2 ball pythons
  3 bats
  5 gnoll skeletons (Ossuary)
  15 kobolds
  6 kobold skeletons (Ossuary)
  14 orc skeletons (Ossuary)
  A rat (D:3)
306 creatures vanquished.

Vanquished Creatures (collateral kills)
  2 gnolls (D:5)
2 creatures vanquished.

Vanquished Creatures (others)
  2 orc wizards
  An orc (D:6)
  6 fungi
9 creatures vanquished.

Grand Total: 317 creatures vanquished

Notes
Turn   | Place    | Note
-------+----------+-------------------------------------------
     0 | D:1      | tilp the Meteoran Fighter began the quest for the Orb.
     0 | D:1      | Reached XP level 1. HP: 19/19 MP: 2/2
    33 | D:2      | Found a faded altar of an unknown god.
    48 | D:2      | Reached XP level 2. HP: 26/26 MP: 3/3
   119 | D:2      | Reached skill level 3 in Long Blades
   145 | D:2      | Reached skill level 1 in Dodging
   209 | D:3      | Reached XP level 3. HP: 31/31 MP: 4/4
   298 | D:3      | Found Veviacs's Antique Weapon Boutique.
   475 | D:2      | Reached XP level 4. HP: 40/40 MP: 5/5
   616 | D:4      | Noticed a scorpion
   623 | D:4      | Killed a scorpion
   624 | D:4      | Reached skill level 5 in Long Blades
   624 | D:4      | Reached XP level 5. HP: 41/46 MP: 6/6
   639 | D:5      | Entered Level 5 of the Dungeon
   655 | D:5      | Reached XP level 6. HP: 31/52 MP: 7/7
   689 | D:4      | Reached skill level 6 in Long Blades
   780 | D:4      | Found a white marble altar of Elyvilon.
   888 | D:4      | Noticed an ogre
   904 | D:4      | Killed an ogre
   905 | D:4      | Reached skill level 1 in Throwing
   905 | D:4      | Reached XP level 7. HP: 45/60 MP: 8/8
   911 | D:5      | Identified 3 scrolls of acquirement
   911 | D:5      | Acquired the +2 pair of boots of Compression {rPois Int+4}
   918 | D:5      | Acquired a +2 vampiric double sword
  1051 | D:6      | Noticed a two-headed ogre
  1187 | D:5      | Reached skill level 5 in Fighting
  1213 | D:5      | Reached skill level 7 in Long Blades
  1461 | D:5      | Reached XP level 8. HP: 57/69 MP: 9/9
  1622 | D:6      | Found a staircase to the Ecumenical Temple.
  1644 | Temple   | Entered the Ecumenical Temple
  2024 | D:6      | Reached skill level 8 in Long Blades
  2206 | D:6      | Killed a two-headed ogre
  2207 | D:6      | Reached skill level 9 in Long Blades
  2207 | D:6      | Reached skill level 5 in Dodging
  2207 | D:6      | Gained mutation: You passively map the area around you.
                  | [Meteoran growth]
  2207 | D:6      | Reached XP level 9. HP: 44/79 MP: 10/10
  2437 | D:7      | Found a blossoming altar of Fedhas.
  2461 | D:8      | Found a sand-covered staircase.
  2465 | D:8      | Reached skill level 10 in Long Blades
  2483 | D:8      | Noticed a deep elf pyromancer
  2484 | D:8      | Reached skill level 1 in Evocations
  2495 | D:8      | Reached XP level 10. HP: 63/88 MP: 11/11
  2497 | D:8      | Killed a deep elf pyromancer
  2557 | Ossuary  | Entered an ossuary
  2787 | D:7      | Found a shimmering altar of Xom.
  2788 | D:7      | Found an ornate altar of the Wu Jian Council.
  3044 | D:8      | Found a stormy altar of Qazlal.
  3049 | D:8      | Identified the +0 kite shield of Heym Wej {*Corrode rPois
                  | Str+5 Slay+4}
  3172 | D:7      | Found a shadowy altar of Dithmenos.
  3173 | D:7      | Noticed Joseph
  3182 | D:7      | Killed Joseph
  3367 | D:9      | Reached skill level 5 in Armour
  3374 | D:9      | Found a staircase to the Lair.
  3374 | D:9      | Noticed an elephant
  3813 | D:9      | Killed an elephant
  3814 | D:9      | Reached skill level 11 in Long Blades
  3835 | D:9      | Reached XP level 11. HP: 97/97 MP: 12/12
  3894 | D:9      | Paralysed by a hornet for 3 turns
  3939 | D:10     | Entered Level 10 of the Dungeon
  4175 | D:9      | Reached skill level 5 in Shields
  4227 | D:10     | Found a sparkling altar of Nemelex Xobeh.
  4227 | D:10     | Found a transporter.
  4227 | D:10     | Noticed a deep elf zephyrmancer
  4228 | D:10     | Noticed a wolf spider
  4397 | D:11     | Noticed a two-headed ogre
  4406 | D:11     | Killed a two-headed ogre
  4407 | D:11     | Reached skill level 10 in Fighting
  4427 | D:11     | Reached skill level 12 in Long Blades
  4480 | D:11     | Noticed a deep elf pyromancer
  4501 | D:11     | Killed a deep elf pyromancer
  4519 | D:11     | Found a frozen archway.
  4520 | D:11     | Noticed an ice dragon
  4555 | D:11     | Killed an ice dragon
  4556 | D:11     | Reached skill level 13 in Long Blades
  4571 | D:11     | Reached XP level 12. HP: 106/106 MP: 13/13
  4579 | IceCv    | Entered an ice cave
  4695 | IceCv    | Reached skill level 14 in Long Blades
  4736 | IceCv    | Reached skill level 10 in Dodging
  4868 | IceCv    | Found a viscous altar of Jiyva.
  4868 | IceCv    | Noticed an azure jelly
  4882 | IceCv    | Killed an azure jelly
  4883 | IceCv    | Reached skill level 5 in Throwing
  4883 | IceCv    | Reached skill level 5 in Evocations
  4889 | IceCv    | Noticed an azure jelly
  4899 | IceCv    | Killed an azure jelly
  4900 | IceCv    | Reached XP level 13. HP: 77/114 MP: 14/14
  4910 | IceCv    | Identified the amulet of Mialuroka {Faith rElec rN+++ Str-3
                  | Stlth+}
  4912 | IceCv    | Identified the +2 ring mail "Zobyroaf" {rC- rN+ SInv}
  5102 | IceCv    | Glimpsed the power of Zot.
  5164 | D:10     | Found an ancient bone altar of Kikubaaqudgha.
  5421 | D:10     | Found an iron altar of Okawaru.
  5429 | D:10     | Became a worshipper of Warmaster Okawaru
  5685 | D:11     | Noticed a two-headed ogre
  5693 | D:11     | Killed a two-headed ogre
  5693 | D:11     | Reached * piety under Okawaru
  5921 | D:12     | Found a staircase to the Orcish Mines.
  5961 | Orc:1    | Entered Level 1 of the Orcish Mines
  5984 | Orc:1    | Reached ** piety under Okawaru
  6006 | Orc:2    | Entered Level 2 of the Orcish Mines
  6007 | Orc:2    | Found a staircase to the Elven Halls.
  6148 | Orc:1    | Reached skill level 15 in Long Blades
  6240 | Orc:2    | Noticed an orc warlord
  6242 | Orc:2    | Reached skill level 1 in Invocations
  6276 | Orc:2    | Killed an orc warlord
  6276 | Orc:2    | Reached *** piety under Okawaru
  6291 | Orc:2    | Paralysed by an orc sorcerer for 5 turns
  6336 | Orc:2    | Found Ibeiforch's Jewellery Shoppe.
  6353 | Orc:2    | Reached XP level 14. HP: 69/124 MP: 15/17
  6368 | Orc:2    | HP: 5/112 [orc priest/divine providence (15)]
  6369 | Orc:2    | Slain by an orc knight

Illustrated notes

Levels and vault maps discovered:
D:1:      evilmike_arrival_crescent, layout_loops_cross, serial_aquarium,
          aquarium_bridge_square [aquarium_subvault_window,
          aquarium_subvault_bridge, aquarium_subvault_wall,
          aquarium_subvault_bridge], aquarium_window_1,
          aquarium_window_corridor_2, aquarium_window_1, aquarium_window_fake,
          aquarium_view_2d, aquarium_view_2g, aquarium_pool_1
D:2:      layout_rooms, nicolae_ecumenical_pavilion, lightli_corner_chamber,
          uniq_sigmund, uniq_jessica
D:3:      layout_rooms, serial_shops, shop, minmay_misc_feat_tower
D:4:      layout_basic, kennysheep_mini
D:5:      layout_gridville, minivault_5
D:6:      layout_loops_cross, minmay_temple_entry_sparse_star,
          water_boxes_lemuel
D:7:      layout_basic, lemuel_round_altar, fedhas_altar_2,
          chequers_temple_overflow_statue_of_worship, uniq_joseph
D:8:      layout_basic, nicolae_qazlal_general_emergency,
          gup_ossuary_entry_pyramid, dreamdust_princess_corridor,
          kennysheep_generic_room_3
D:9:      layout_loops_ring, david_lair_generic
D:10:     layout_cave_pods, old_standard_altar, grunt_nemelex_the_gamble,
          kennysheep_okawaru_gauntlet
D:11:     layout_loops_ring, portal_ice_cave_entry_animals_and_master,
          hangedman_stone_soup
D:12:     gammafunk_mikee_crab_dinner, layout_rooms,
          minmay_orc_entry_temple_small
D:13:     layout_roguey, david_vaults_2
Temple:   dshaligram_water_room_temple
Orc:1:    layout_caves
Orc:2:    grunt_orc_cross, layout_caves, nicolae_shop_overcharged_wands

Skill      XL: |  1  2  3  4  5  6  7  8  9 10 11 12 13 |
---------------+----------------------------------------+-----
Long Blades    | 3 5 6 7 9 10 11 13 14 15 | 15.3
Dodging        | 1 2 3 5 6 7 9 10 11 | 11.9
Fighting       | 4 5 7 8 9 10 11 | 11.6
Throwing       | 1 2 4 5 6 |  6.0
Shields        | 4 6 7 8 |  8.0
Armour         | 4 5 6 7 8 |  8.0
Evocations     | 1 4 5 6 |  6.0
Invocations    | 3 |  3.6

Action                     |  1- 3 |  4- 6 |  7- 9 | 10-12 | 13-15 || total
---------------------------+-------+-------+-------+-------+-------++-------
  Melee: Long sword        |    75 |    86 |       |       |       ||   161
         Double sword      |       |       |   172 |   441 |   355 ||   968
  Throw: Stone             |     1 |       |       |       |       ||     1
         Dart              |       |       |     3 |       |     1 ||     4
         Throwing net      |       |       |     1 |       |       ||     1
 Invoke: Heroism           |       |       |       |       |     4 ||     4
  Evoke: Wand              |       |       |     7 |       |     2 ||     9
    Use: Scroll            |       |     1 |    15 |     7 |     5 ||    28
         Potion            |       |     1 |     2 |     2 |     2 ||     7
 Armour: Scale mail        |    44 |    54 |    33 |       |       ||   131
         Chain mail        |       |       |    18 |   143 |    97 ||   258
  Dodge: Dodged            |    29 |    34 |    54 |   144 |   153 ||   414
  Block: Buckler           |    21 |    18 |    76 |    39 |       ||   154
         Kite shield       |       |       |       |   272 |   320 ||   592
         Reflection        |       |       |       |     6 |     6 ||    12

Table legend: (Time is in decaauts)
 A = Elapsed time spent in this place.
 B = Non-inter-level travel time spent in this place.
 C = Inter-level travel time spent in this place.
 D = Time resting spent in this place.
 E = Time spent auto-exploring this place.
 F = Levels seen in this place.
 G = Mean time per level.
                   A        B        C        D        E       F      G
               +--------+--------+--------+--------+--------+-----+--------+
         Total |   6392 |   5631 |    761 |     27 |      0 |  18 |  355.1 |
       Dungeon |   5240 |   4494 |    746 |     15 |      0 |  13 |  403.1 |
        Temple |     79 |     64 |     15 |      0 |      0 |   1 |   79.0 |
  Orcish Mines |    383 |    383 |      0 |      0 |      0 |   2 |  191.5 |
       Ossuary |    179 |    179 |      0 |      2 |      0 |   1 |  179.0 |
      Ice Cave |    509 |    509 |      0 |     10 |      0 |   1 |  509.0 |
               +--------+--------+--------+--------+--------+-----+--------+

Top non-repeatable levels by time:
    D:10: 685 daAuts
     D:5: 681 daAuts
     D:6: 664 daAuts
     D:7: 635 daAuts
     D:8: 577 daAuts
     D:9: 558 daAuts
   IceCv: 509 daAuts
     D:3: 381 daAuts
     D:4: 283 daAuts
    D:11: 266 daAuts
    D:12: 247 daAuts
   Orc:2: 243 daAuts
 Ossuary: 179 daAuts
     D:2: 172 daAuts
   Orc:1: 139 daAuts
